 Dungeon Crawl Stone Soup version 0.27.1 (webtiles) character file.

Game seed: 13564742094556467851

667 ZARRMARR the Cleaver (level 7, -1/57 HPs)
             Began as a Hill Orc Monk on Aug 28, 2021.
             Was a Believer of Beogh.
             Slain by a killer bee (6 damage)
             ... on level 5 of the Dungeon.
             The game lasted 00:24:46 (6124 turns).

ZARRMARR the Cleaver (Hill Orc Monk)                Turns: 6124, Time: 00:24:49

Health: -1/57      AC: 12    Str: 16    XL:     7   Next: 57%
Magic:  7/7        EV:  5    Int: 10    God:    Beogh [**....]
Gold:   247        SH:  0    Dex: 13    Spells: 6/6 levels left

rFire    . . .     SeeInvis +   a - +0 hand axe
rCold    . . .     Faith    .   (no shield)
rNeg     . . .     Spirit   .   n - +0 plate armour
rPois    .         Reflect  .   (no helmet)
rElec    .         Harm     .   h - +0 cloak
rCorr    .         Rampage  .   i - +0 pair of gloves
Will     .....                  (no boots)
Stlth    ..........             (no amulet)
HPRegen  0.19/turn              l - ring of see invisible
MPRegen  0.10/turn              (no ring)

@: confused, brilliant, lethally poisoned (-1 -> -13), ambrosia-drunk, very
slightly contaminated, invisible
A: no striking features
a: Renounce Religion, Smiting


You were on level 5 of the Dungeon.
You worshipped Beogh.
Beogh was pleased with you.
You visited 2 branches of the dungeon, and saw 6 of its levels.

You collected 247 gold pieces.

Inventory:

Hand Weapons
 a - a +0 hand axe (weapon)
 r - a +0 morningstar
Missiles
 g - 54 stones (quivered)
Armour
 h - a +0 cloak (worn)
 i - a +0 pair of gloves (worn)
 n - a +0 plate armour (worn)
Jewellery
 l - a ring of see invisible (left hand)
Wands
 c - a wand of paralysis (4)
Scrolls
 d - a scroll of vulnerability
 m - a scroll of teleportation {unknown}
 q - a scroll of silence {unknown}
 s - a scroll of enchant weapon {unknown}


   Skills:
 - Level 3.6 Fighting
 + Level 11.1 Axes
 - Level 2.4 Dodging
 - Level 1.5 Stealth


You had 6 spell levels left.
You didn't know any spells.
Your spell library contained the following spells:

 Spells                   Type           Power      Damage    Failure   Level
 Beastly Appendage        Tmut           0%         N/A       100%        1
 Pain                     Necr           0%         1d4       100%        1
 Wereblood                Tmut           0%         N/A       100%        2
 Spider Form              Tmut/Pois      0%         N/A       100%        3
 Fulminant Prism          Conj/Hex       0%         3d6       100%        4
 Iskenderun's Mystic Bla  Conj/Tloc      0%         2d3       100%        4
 Lee's Rapid Deconstruct  Erth           0%         3d5*      100%        5
 Conjure Ball Lightning   Conj/Air       0%         3x3d6     100%        6
 Discord                  Hex            0%         N/A       100%        8
 Disjunction              Tloc           0%         N/A       100%        8


Dungeon Overview and Level Annotations

Branches:
Dungeon (5/15)             Temple (1/1) D:4

Altars:
Ashenzari
Cheibriados
Dithmenos
Fedhas
Kikubaaqudgha
Nemelex Xobeh
Okawaru
Qazlal
Ru
Sif Muna
Uskayaw
Wu Jian
Yredelemnul
Jiyva

Shops:
D:4 (


Message History

It was a potion of heal wounds.
You feel much better.
You feel very sick.
The killer bee stings you but does no damage. x3
The killer bee barely misses you.
It was a potion of invisibility.
You fade into invisibility!
* * * LOW HITPOINT WARNING * * *
You feel very sick.
The killer bee stings you but does no damage.
The killer bee barely misses you. The killer bee stings you.
* * * LOW HITPOINT WARNING * * *
The killer bee stings you but does no damage.
You are very lightly contaminated with residual magic.
It was a potion of ambrosia.
You are confused.
You feel invigorated.
You feel very sick. The killer bee stings you.
* * * LOW HITPOINT WARNING * * *
The killer bee stings you.
* * * LOW HITPOINT WARNING * * *
You are lethally poisoned!
The killer bee poisons you!
The killer bee stings you but does no damage.
The killer bee stings you.
* * * LOW HITPOINT WARNING * * *
* * * LOW HITPOINT WARNING * * *
You feel very sick. The killer bee stings you!
* * * LOW HITPOINT WARNING * * *
Things that are here:
a +0 short sword; an orc corpse Unknown command.
You bump into the stone wall.
* * * LOW HITPOINT WARNING * * *
You feel very sick. The killer bee barely misses you.
The killer bee stings you but does no damage.
The killer bee stings you.
You die...

############# #...<........
# .#.##..#######.# #######
...........o..#.### #...##.
..####.###........###...##.
#.# #@.....#.......##. #.#
#yy.#..... #......
###.###...#..... #....#.
........(......$##......
.##.###.(.#.....#.......
#..$.†.#.#....#.###
#...........##...#
...#.....##..†...####
...####.#.....#####...


You could see 2 killer bees and a neutral orc wizard (wandering).

Vanquished Creatures
  Sigmund (D:3)
  A scorpion (D:4)
  A killer bee (D:5)
  A howler monkey (D:5)
  A gnoll shaman (D:5)
  A hound (D:5)
  2 orc wizards (D:3)
  4 iguanas
  A hound zombie (D:5)
  5 gnolls (D:4)
  3 adders
  A worm (D:3)
  2 dart slugs
  4 orcs
  4 ball pythons
  3 endoplasms
  2 giant cockroaches (D:1)
  5 goblins
  8 hobgoblins
  4 kobolds
  4 quokkas
  7 bats
  2 frilled lizards (D:3)
  8 rats
75 creatures vanquished.

Vanquished Creatures (others)
  A killer bee (D:5)
  An orc (D:5)
2 creatures vanquished.

Grand Total: 77 creatures vanquished

Notes
Turn   | Place    | Note
-------+----------+-------------------------------------------
     0 | D:1      | ZARRMARR the Hill Orc Monk began the quest for the Orb.
     0 | D:1      | Reached XP level 1. HP: 19/19 MP: 1/1
   196 | D:1      | Reached XP level 2. HP: 17/26 MP: 2/2
   541 | D:1      | Reached skill level 5 in Axes
   887 | D:1      | Reached XP level 3. HP: 27/31 MP: 3/3
  1356 | D:2      | Found a shadowy altar of Dithmenos.
  2219 | D:3      | Found a shadowy altar of Dithmenos.
  2267 | D:3      | Found a shimmering blue altar of Sif Muna.
  2577 | D:3      | Reached skill level 6 in Axes
  2616 | D:3      | Found a snail-covered altar of Cheibriados.
  2674 | D:3      | Reached XP level 4. HP: 20/39 MP: 4/4
  2827 | D:3      | Noticed Sigmund
  2986 | D:4      | Reached skill level 7 in Axes
  3701 | D:3      | Killed Sigmund
  3702 | D:3      | Reached skill level 9 in Axes
  3702 | D:3      | Reached XP level 5. HP: 6/45 MP: 5/5
  3702 | D:3      | Reached XP level 6. HP: 7/51 MP: 6/6
  4711 | D:4      | Found a staircase to the Ecumenical Temple.
  4722 | D:4      | Found Tubuvi Raso's Antique Weapon Emporium.
  4725 | Temple   | Entered the Ecumenical Temple
  5316 | D:3      | Reached skill level 10 in Axes
  5322 | D:3      | Got Sif Muna's Incunabulum of Evil
  5400 | D:5      | Entered Level 5 of the Dungeon
  5411 | D:5      | Reached XP level 7. HP: 51/57 MP: 7/7
  5713 | D:5      | Found an iron altar of Okawaru.
  5994 | D:5      | Reached skill level 11 in Axes
  6084 | D:5      | Became a worshipper of Beogh the Brigand
  6084 | D:5      | Reached * piety under Beogh
  6084 | D:5      | Reached ** piety under Beogh
  6124 | D:5      | Slain by a killer bee

Illustrated notes

Levels and vault maps discovered:
D:1:      mrwooster_arrival_statue_2, layout_loops_cross, minmay_heptomino_d4
D:2:      layout_loops_ring, basic_altar, chequers_arboretum,
          lightli_corner_chamber
D:3:      layout_loops_ring, grunt_dithmenos_smoke_and_mirrors,
          mainiacjoe_overflow_boulevard, led_sif_book, uniq_sigmund
D:4:      layout_basic, minmay_temple_entry_statues_fountains, serial_shops,
          nicolae_shop_competitors_out_of_business
D:5:      layout_rooms, lemuel_tele_altar, tso_altar, xom_redecorated
Temple:   pf_slimified_temple

Skill      XL: |  1  2  3  4  5  6  7 |
---------------+----------------------+-----
Axes           | 5 6 9 10 11 | 11.1
Fighting       | |  3.6
Dodging        | |  2.4
Stealth        | |  1.5

Action                   |  1- 3 |  4- 6 |  7- 9 || total
-------------------------+-------+-------+-------++-------
Melee: Hand axe          |   115 |   119 |    78 ||   312
       Scythe            |       |     3 |       ||     3
Throw: Stone             |    75 |    27 |     8 ||   110
       Dart              |       |    49 |    13 ||    62
Invok: Convert to Beogh  |       |       |     1 ||     1
  Use: Scroll            |     2 |     3 |     1 ||     6
       Potion            |       |     1 |     6 ||     7
 Stab: Sleeping          |     2 |       |       ||     2
Armor: Robe              |    18 |       |       ||    18
       Chain mail        |     8 |    10 |       ||    18
       Plate armour      |       |    43 |    61 ||   104
Dodge: Dodged            |    55 |    18 |    34 ||   107
